 Dungeon Crawl Stone Soup version 0.31-a0-188-g5e087ee2ca (webtiles) character file.

Game seed: 2301601069736773849

65 qw the Shooter (level 3, 0/20 HPs)
             Began as a Deep Elf Hunter on June 22, 2023.
             Slain by Sigmund
             ... wielding a +0 scythe
              (3 damage)
             ... on level 1 of the Dungeon.
             The game lasted 00:00:34 (1144 turns).

qw the Shooter (Deep Elf Hunter)                    Turns: 1144, Time: 00:00:34

Health: 0/20       AC:  5    Str: 16    XL:     3   Next: 92%
Magic:  5/5        EV: 11    Int: 13    God:
Gold:   21         SH:  0    Dex: 18    Spells: 2/2 levels left

rFire   . . .        Y - +0 shortbow
rCold   . . .        (shield currently unavailable)
rNeg    . . .        d - +0 ring mail
rPois   .            (no helmet)
rElec   .            (no cloak)
rCorr   .            (no gloves)
SInv    .            (no boots)
Will    .....        (no amulet)
Stlth   +            b - +6 ring of strength
HPRegen 0.23/turn    (no ring)
MPRegen 0.09/turn

%: no passive effects
@: no status effects
A: no striking features
a: no special abilities


You were on level 1 of the Dungeon.
You visited 1 branch of the dungeon, and saw 2 of its levels.

You collected 21 gold pieces.


   Skills:
 - Level 1.5 Fighting
 + Level 7.4 Ranged Weapons
 - Level 2.4 Dodging
 - Level 1.2 Stealth


You had 2 spell levels left.
You didn't know any spells.
Your spell library was empty.

Inventory:

Hand Weapons
 Y - a +0 shortbow (weapon)
Armour
 d - a +0 ring mail (worn)
Jewellery
 b - a +6 ring of strength (left hand)
Potions
 a - a potion of might {unknown}

Dungeon Overview and Level Annotations

Branches:
Dungeon (2/15)

Altars:

Shops:
D:1 !

Annotations:
D:1 Sigmund


Message History

Sigmund flickers and vanishes!
Deactivating autopickup; reactivate with Ctrl-A.
You shoot an arrow. Something hits you!
1080 ||| STAIRDANCE Something hits you.
You climb upwards.
Reactivating autopickup.
There is a stone staircase leading down here.
You start resting.
HP restored.
Done exploring.
(D) Dungeon
Where to? (* - list waypoints, Enter - D:2, ? - help)
What level of the Dungeon? (default 1, ? - help)
You climb downwards.
Level annotation: Sigmund Sigmund gestures at you while chanting.
The magic dart hits you.
There is a stone staircase leading up, spattered with blood here.
1138 ||| STAIRDANCE Sigmund casts a spell at you.
The magic dart hits you!
You climb upwards.
There is a stone staircase leading down here.
You shoot an arrow.
The arrow hits Sigmund but does no damage.
Sigmund is heavily wounded.
Sigmund misses you.
You shoot an arrow. The arrow hits Sigmund.
Sigmund is heavily wounded.
You shoot an arrow. The arrow barely misses Sigmund.
Sigmund drinks a potion.
Sigmund is healed!
You shoot an arrow. The arrow hits Sigmund.
Sigmund is moderately wounded.
Sigmund hits you with a +0 scythe.
You shoot an arrow. The arrow hits Sigmund.
Sigmund is heavily wounded.
Sigmund hits you with a +0 scythe.
You die...

#.# #.# #.# #.# #.### #.# #.# #.#
##.# #># #.# #.# #.####..# #.#
#.# #.# #.##....# #.# #.# ###
####...## #.# #.#
##.....#########.#
###.##########...^.^.##.......#
#...........#...@.....#######.#
##########......@.^...........#
8###########..................###
..##...#.##.....^................
8^.#....8####.........#.......#.#
##.%.##._# ##^..^...##....##.#.#
###.##.8## ##.....###....##.#.#
.######## ##..#####.)..##.#.# .#
### #### #.....##.#.# .# #.#
###.....##.#.#


You could see Sigmund.

Vanquished Creatures
  3 adders (D:2)
  A worm (D:1)
  5 endoplasms
  4 goblins
  4 hobgoblins (D:1)
  3 kobolds
  2 quokkas
  5 ball pythons (D:1)
  A bat (D:1)
  A frilled lizard (D:1)
  6 rats
35 creatures vanquished.

Notes
Turn   | Place    | Note
-------+----------+-------------------------------------------
     0 | D:1      | qw the Deep Elf Hunter began the quest for the Orb.
     0 | D:1      | Reached XP level 1. HP: 12/12 MP: 3/3
     0 | D:1      | 0 ||| qw: Version: 0.3-a-9-g12657ce
     0 | D:1      | 0 ||| qw: Game counter: 2945
     0 | D:1      | 0 ||| qw: Always use a shield: true
     0 | D:1      | 0 ||| qw: God list: Okawaru
     0 | D:1      | 0 ||| qw: Allow faded altars: false
     0 | D:1      | 0 ||| qw: Do Orc after D:15 true
     0 | D:1      | 0 ||| qw: Do second Lair branch before Depths: true
     0 | D:1      | 0 ||| qw: Lair rune preference: random
     0 | D:1      | 0 ||| qw: Plans: Normal
     0 | D:1      | 0 ||| PLANNING D:1-11
   103 | D:1      | Reached XP level 2. HP: 16/16 MP: 4/4
   105 | D:1      | Reached skill level 6 in Ranged Weapons
   316 | D:1      | Found Ducyaq's Distillery.
   325 | D:1      | 325 ||| SHOPLISTING potion of curing (42 gold, have 21).
   325 | D:1      | 325 ||| SHOPLISTING potion of heal wounds (70 gold, have
                  | 21).
   325 | D:1      | 325 ||| SHOPLISTING potion of mutation (112 gold, have 21).
   462 | D:1      | Found a faded altar of an unknown god.
   686 | D:1      | 686 ||| UPGRADING to +0 ring mail.
   696 | D:1      | 696 ||| DROPPING +0 leather armour.
   697 | D:1      | 697 ||| DROPPING ring of flight.
   698 | D:1      | 698 ||| READING scroll labelled ORUQIF INNY.
   699 | D:1      | 699 ||| DROPPING scroll of butterflies.
   755 | D:2      | Reached XP level 3. HP: 20/20 MP: 5/5
   845 | D:2      | Reached skill level 7 in Ranged Weapons
   912 | D:2      | Noticed Sigmund
   924 | D:2      | 924 ||| FLEEEEING.
   925 | D:2      | 925 ||| FLEEEEING.
   926 | D:2      | 926 ||| FLEEEEING.
   926 | D:2      | HP: 2/20 [something/puff of flame (7)]
   927 | D:2      | 927 ||| FLEEEEING.
   928 | D:2      | 928 ||| FLEEEEING.
   929 | D:2      | 929 ||| FLEEEEING.
   930 | D:2      | 930 ||| FLEEEEING.
   931 | D:2      | 931 ||| FLEEEEING.
   932 | D:2      | 932 ||| FLEEEEING.
   933 | D:2      | 933 ||| FLEEEEING.
   934 | D:2      | 934 ||| FLEEEEING.
   935 | D:2      | 935 ||| FLEEEEING.
   936 | D:2      | 936 ||| FLEEEEING.
   937 | D:2      | 937 ||| FLEEEEING.
   938 | D:2      | 938 ||| FLEEEEING.
   939 | D:2      | 939 ||| FLEEEEING.
   940 | D:2      | 940 ||| FLEEEEING.
   941 | D:2      | 941 ||| FLEEEEING.
   942 | D:2      | 942 ||| FLEEEEING.
   943 | D:2      | 943 ||| FLEEEEING.
   944 | D:2      | 944 ||| FLEEEEING.
   945 | D:2      | 945 ||| FLEEEEING.
   946 | D:2      | 946 ||| FLEEEEING.
   947 | D:2      | 947 ||| FLEEEEING.
   948 | D:2      | 948 ||| FLEEEEING.
   949 | D:2      | 949 ||| FLEEEEING.
   950 | D:2      | 950 ||| FLEEEEING.
   951 | D:2      | 951 ||| FLEEEEING.
   952 | D:2      | 952 ||| FLEEEEING.
   953 | D:2      | 953 ||| FLEEEEING.
   954 | D:2      | 954 ||| FLEEEEING.
   955 | D:2      | 955 ||| FLEEEEING.
   956 | D:2      | 956 ||| STAIRDANCE
  1005 | D:1      | 1005 ||| UPGRADING to +6 ring of strength.
  1009 | D:2      | 1009 ||| STAIRDANCE
  1062 | D:2      | 1062 ||| STAIRDANCE
  1080 | D:2      | 1080 ||| STAIRDANCE
  1138 | D:2      | 1138 ||| STAIRDANCE
  1143 | D:1      | HP: 3/20 [Sigmund/+0 scythe (6)]
  1144 | D:1      | Slain by Sigmund

Levels and vault maps discovered:
D:1:      sevenhm_arrival_forest_fort_small_4, layout_basic,
          shapermc_ecumenical_altar_petra, serial_shops, shop, nicolae_wormholes
D:2:      layout_rooms, basic_altar, uniq_sigmund

Skill      XL: |  1  2  3 |
---------------+----------+-----
Ranged Weapons | 6 7 |  7.4
Fighting       | |  1.5
Dodging        | |  2.4
Stealth        | |  1.2

Action                     || total
---------------------------++-------
   Fire: Shortbow          ||   101
    Use: Scroll            ||     1
 Armour: Ring mail         ||    10
  Dodge: Dodged            ||    18

Table legend:
 A = Non-vault XP
 B = Vault XP
 C = Vault XP percentage of total XP
 D = Non-vault monster count
 E = Vault monster count
 F = Vault count percentage of total count
                 A         B        C        D         E       F
            +---------+---------+-------+---------+---------+-------
      Total |      88 |       5 |   5.4 |      34 |       1 |   2.9
            +---------+---------+-------+---------+---------+-------
        D:1 |      36 |       5 |  12.2 |      23 |       1 |   4.2
        D:2 |      52 |       0 |   0.0 |      11 |       0 |   0.0
            +---------+---------+-------+---------+---------+-------
